 Dungeon Crawl Stone Soup version 0.17.2-1-ge4368a0 (webtiles) character file.

1349 Goblin1989 the Basher (level 8, -2/80 HPs)
             Began as an Ogre Gladiator on Oct 15, 2018.
             Was a Follower of Yredelemnul.
             Slain by an ogre
             ... wielding a +0 giant club
              (27 damage)
             ... on level 10 of the Dungeon on Oct 16, 2018.
             The game lasted 00:18:23 (5814 turns).

Goblin1989 the Basher (Ogre Gladiator)              Turns: 5814, Time: 00:18:23

Health: -2/80      AC:  4    Str: 21    XL:     8   Next: 63%
Magic:  8/8        EV: 11    Int:  9    God:    Yredelemnul [*.....]
Gold:   227        SH:  0    Dex: 10    Spells: 0 memorised, 7 levels left

rFire  . . .     SeeInvis +     B - +5 flail (drain)
rCold  . . .     Clarity  .     b - +0 robe
rNeg   . . .     SustAt   .     (no shield)
rPois  .         Gourm    .     x - +0 hat
rElec  .         Spirit   .     o - +0 cloak
rCorr  .         Warding  .     (gloves unavailable)
rMut   .         Stasis   .     (boots unavailable)
MR     +....                    H - amulet of faith {!P}
Stlth  +.........               s - ring of see invisible
                                m - ring of protection from magic

@: somewhat resistant to hostile enchantments, very unstealthy
A: unfitting armour, tough skin 1
a: Animate Remains, Renounce Religion


You were on level 10 of the Dungeon.
You worshipped Yredelemnul.
Yredelemnul was aware of your devotion.
You were hungry.

You visited 2 branches of the dungeon, and saw 9 of its levels.

You collected 227 gold pieces.

Inventory:

Hand Weapons
 a - a +0 flail
 v - a +0 dagger of protection
 z - a +0 dagger of venom
 B - a +5 flail of draining (weapon)
 D - a +1 giant spiked club
Missiles
 g - 4 curare-tipped needles
 Z - 3 throwing nets (quivered) {!d, =f}
Armour
 b - a +0 robe (worn)
 o - a +0 cloak (worn)
 x - a +0 hat (worn)
Jewellery
 c - an uncursed ring of protection from cold
 m - a ring of protection from magic (left hand)
 s - a ring of see invisible (right hand)
 C - an uncursed ring of ice
 H - an amulet of faith (around neck) {!P}
 N - an uncursed amulet of guardian spirit
Wands
 q - a wand of disintegration (21)
Scrolls
 d - 2 scrolls of magic mapping {unknown}
 h - 3 scrolls of recharging
 i - 2 scrolls of amnesia {unknown}
 j - a scroll of blinking {unknown}
 n - 3 scrolls of teleportation {unknown}
 p - 2 scrolls of enchant weapon
 t - 2 scrolls of enchant armour {unknown}
 w - 2 scrolls of fear {unknown}
 y - 3 scrolls of remove curse {unknown}
 A - a scroll of random uselessness {unknown}
 F - a scroll of immolation {unknown}
 R - 3 scrolls of identify {@r1}
Potions
 k - a potion of cure mutation {unknown}
 l - 2 potions of mutation {unknown}
 u - 2 potions of brilliance {unknown}
 G - 2 potions of curing {unknown}
 I - a potion of berserk rage {unknown}
 K - a potion of degeneration {unknown}
 O - a potion of might {unknown}
Books
 L - a book of Conjurations

   Spells                             Type                      Level
   a - Magic Dart                     Conjuration                  1
   b - Searing Ray                    Conjuration                  2
   c - Dazzling Spray                 Conjuration/Hexes            3
   d - Fulminant Prism                Conjuration/Hexes            4
   e - Iskenderun's Mystic Blast      Conjuration                  4
   f - Iskenderun's Battlesphere      Conjuration/Charms           5
Comestibles
 e - 3 bread rations {@e1}
 r - 4 beef jerkies
 E - 15 fruits
 J - a meat ration {@e2}
 M - a slice of pizza


   Skills:
 + Level 5.0 Fighting
 * Level 11.5 Maces & Flails
 - Level 2.0 Throwing
 + Level 2.5 Armour
 + Level 4.0 Dodging


You had 7 spell levels left.
You didn't know any spells.

Dungeon Overview and Level Annotations

Branches:
Dungeon (10/15)            Temple (1/1) D:4
   Lair: D:8-11         Orc: D:9-12

Altars:
Ashenzari
Cheibriados
Dithmenos
Elyvilon
Fedhas
Gozag
Makhleb
Nemelex Xobeh
Okawaru
Qazlal
Ru
Sif Muna
Trog
Vehumet
Xom
Yredelemnul
The Shining One

Shops:
D:4 }

Annotations:
D:3 1 exclusion
D:4 hexophile's ghost, amateur NaFi


Innate Abilities, Weirdness & Mutations

You are too large for most types of armour.
You have tough skin (AC +1).


Message History

Something hits the fungus!
You see here a club.
You are feeling hungry.
You fall through a shaft for 3 floors!
The shaft crumbles and collapses.
A giant frog comes into view.
The giant frog gives a loud, deep croak!
Unknown command.
The giant frog hits you.
You take 1 damage, and have 78/79 hp.
You bludgeon the giant frog!!
The giant frog is almost dead.
The giant frog hits you but does no damage.
You sock the giant frog!
You kill the giant frog!
Yredelemnul accepts your kill.
Health restored: 79 No target in view!
No target in view!
No target in view!
No target in view!
No target in view!
No target in view!
No target in view!
No target in view!
No target in view!
No target in view!
No target in view!
No target in view!
No target in view!
No target in view!
No target in view!
No target in view!
No target in view!
No target in view!
Eat which item? (? for menu, Esc to quit)
Okay, then.
You now have 227 gold pieces (gained 17).
An orc comes into view. It is wielding a trident.
The orc shouts!
An orc is nearby!
Found a stone staircase leading down.
A steam dragon and an orc come into view.
An orc, an orc warrior and an unseen horror come into view.
The orc warrior shouts!
The orc shouts!
The orc shouts!
The unseen horror hits you! The orc hits you with a trident.
You sock the orc!
You kill the orc!
Yredelemnul accepts your kill. The unseen horror hits you!
The unseen horror barely misses you.
You hit the unseen horror.
The unseen horror is lightly wounded.
The unseen horror hits you! The steam dragon breathes steam at you.
The ball of steam hits the unseen horror.
You hear a shout!
You take 31 damage, and have 48/79 hp.
O_OOPS!!
MASSIVE DAMAGE!!
The unseen horror is engulfed in a cloud of scalding steam.
The unseen horror hits you.
The unseen horror is engulfed in a cloud of scalding steam.
You take 1 damage, and have 47/79 hp.
The unseen horror hits you!
An ogre comes into view. It is wielding a giant club.
You take 10 damage, and have 37/79 hp.
You are too injured to fight recklessly!
You are too injured to fight recklessly!
You are too injured to fight recklessly!
You are too injured to fight recklessly!
You are too injured to fight recklessly!
You are too injured to fight recklessly!
You are too injured to fight recklessly!
You are too injured to fight recklessly!
You are too injured to fight recklessly!
You sock the unseen horror!
You kill the unseen horror!
Yredelemnul accepts your kill.
Your Fighting skill increases to level 5!
Your Dodging skill increases to level 4!
Unknown command.
Unknown command.
The steam dragon breathes steam at you. The ball of steam hits you!
* * * LOW HITPOINT WARNING * * *
You take 15 damage, and have 22/80 hp.
The steam dragon breathes steam at you. The ball of steam hits you!
* * * LOW HITPOINT WARNING * * *
You take 21 damage, and have 1/80 hp.
O_OOPS!!
MASSIVE DAMAGE!!
The ogre is engulfed in a cloud of scalding steam.
Drink which item? (? for menu, Esc to quit)
You feel much better.
You regained 23 hp, and now have 25/80 hp.
Read which item? (? for menu, Esc to quit)
As you read the scroll labeled KYNLEI XEODACI, it crumbles to dust.
It is a scroll of enchant weapon.
Enchant which weapon? (? for menu, Esc to quit)
Your +0 giant spiked club glows red for a moment.
The ogre hits you with a giant club!!
You die...
Your body rises from the dead as a mindless zombie.

█. ███. .... █ █..████
████.████ ..██....██
█........ █........███
█........ ...........██
█........ .██......█..█
█.....>.. .........██@█
█§.......
..........█O█████.)......
███........D...oo..).....
█.......█.§.██.███..███
█..............█... ..█
███.███████.......... .
... ███........ ....
██....... ... ...█████


You could see a steam dragon and an ogre.

Vanquished Creatures
  An unseen horror (D:10)
  An ogre (D:4)
  A phantom (D:5)
  2 giant frogs
  3 scorpions (D:6)
  A crimson imp (D:6)
  A giant frog skeleton (D:4)
  A giant frog zombie (D:6)
  A hound (D:3)
  5 orc wizards
  2 worker ants (D:5)
  2 iguanas
  Terence (D:3)
  A killer bee zombie (D:6)
  A hound zombie (D:5)
  Robin (D:3)
  8 gnolls
  10 adders
  A worm (D:2)
  3 giant geckos
  27 orcs
  9 bats
  5 giant cockroaches
  23 goblins
  7 hobgoblins
  A quokka (D:7)
  6 giant newts
  10 jackals
  7 kobolds
  8 rats
150 creatures vanquished.

Vanquished Creatures (others)
  An orc (D:10)
  A plant (D:7)
2 creatures vanquished.

Grand Total: 152 creatures vanquished

Notes
Turn   | Place    | Note
--------------------------------------------------------------
     0 | D:1      | Goblin1989 the Ogre Gladiator began the quest for the Orb.
     0 | D:1      | Reached XP level 1. HP: 22/22 MP: 1/1
   169 | D:1      | Reached XP level 2. HP: 23/29 MP: 2/2
   523 | D:1      | Reached skill level 5 in Maces & Flails
   941 | D:2      | Reached XP level 3. HP: 24/36 MP: 3/3
  1149 | D:2      | Reached skill level 6 in Maces & Flails
  1474 | D:1      | Reached XP level 4. HP: 11/44 MP: 4/4
  1873 | D:2      | Found a deep blue altar of Sif Muna.
  1991 | D:3      | Reached skill level 7 in Maces & Flails
  2032 | D:3      | Reached XP level 5. HP: 37/50 MP: 5/5
  2122 | D:3      | Noticed Robin
  2186 | D:3      | Killed Robin
  2248 | D:3      | Reached skill level 8 in Maces & Flails
  2415 | D:3      | Reached XP level 6. HP: 3/59 MP: 6/6
  2847 | D:3      | Reached skill level 9 in Maces & Flails
  2945 | D:3      | Noticed Terence
  3009 | D:3      | Killed Terence
  3714 | D:4      | Reached skill level 10 in Maces & Flails
  3714 | D:4      | Reached XP level 7. HP: 64/66 MP: 7/7
  3923 | D:4      | Found a staircase to the Ecumenical Temple.
  3932 | Temple   | Entered the Ecumenical Temple
  3933 | Temple   | Goblin1989: ?polytheist
  3933 | Temple   | Goblin1989: ??polytheist
  3933 | Temple   | XtahuaRules: polytheist[1/1]: A player who has won every available god. Type !polytheist to check your (or somebody else's) progress.
  3933 | Temple   | Goblin1989: !polytheist .
  3933 | Temple   | XtahuaRules: Unwon gods for Goblin1989: , Beogh, Elyvilon, Hepliaklqana, Jiyva, Kikubaaqudgha, Qazlal, Sif Muna, Trog, Uskayaw, Vehumet, Wu Jian, Yredelemnul, Zin
  4006 | Temple   | Became a worshipper of Yredelemnul the Dark
  4059 | D:4      | Found Kuqung's Gadget Emporium.
  4088 | D:4      | Noticed hexophile's ghost (amateur NaFi)
  4197 | D:5      | Entered Level 5 of the Dungeon
  4332 | D:5      | Reached skill level 1 in Armour
  4546 | D:5      | Found a glowing golden altar of the Shining One.
  4548 | D:5      | Found a sparkling altar of Nemelex Xobeh.
  4559 | D:5      | Found a radiant altar of Vehumet.
  5079 | D:6      | Found a shadowy altar of Dithmenos.
  5092 | D:6      | Reached XP level 8. HP: 49/78 MP: 8/8
  5555 | D:6      | Reached * piety under Yredelemnul
  5581 | D:6      | Reached skill level 11 in Maces & Flails
  5736 | D:7      | Found a stormy altar of Qazlal.
  5736 | D:7      | Found a blossoming altar of Fedhas.
  5786 | D:7      | You fall through a shaft for 3 floors!
  5786 | D:10     | Entered Level 10 of the Dungeon
  5800 | D:10     | Noticed an unseen horror
  5808 | D:10     | Killed an unseen horror
  5808 | D:10     | Reached skill level 5 in Fighting
  5810 | D:10     | HP: 1/80 [something/ball of steam (21)]
  5814 | D:10     | Slain by an ogre

Action                   |  1- 3 |  4- 6 |  7- 9 || total
-------------------------+-------+-------+-------++-------
Melee: Flail             |    95 |   242 |   130 ||   467
Throw: Throwing net      |       |     1 |       ||     1
  Use: Scroll            |       |       |     3 ||     3
       Potion            |       |       |     2 ||     2
 Stab: Distracted        |       |     2 |       ||     2
       Sleeping          |       |     2 |     2 ||     4
       Held in net/web   |       |     2 |       ||     2
  Eat: Chunk             |     1 |     7 |     3 ||    11
       Bread ration      |       |     1 |       ||     1

Vault maps used:
D:1:      shiori_arrival_maze, minmay_misc_feat_rows, minivault_24,
          serial_bayou_lagoon_b
D:2:      lemuel_blue_sif_altar, first_bread
D:3:      minmay_goblin_outpost, uniq_terence, uniq_robin
D:4:      minmay_temple_entry_butterflies, serial_shops, shop,
          grunt_ministairs_5
D:5:      minmay_overflow_temple_star_quad, dk_vineyard_2
D:6:      lemuel_upstairs_altar, nicolae_dithmenos_shadow_blocks,
          minmay_tree_intersection
D:7:      grunt_temple_overflow_forces_of_nature, the_bakery,
          minmay_misc_feat_ornament
D:10:     nicolae_trove_entry_free_sample
Temple:   triangle_lava_temple_11
